MLB
TEXAS RANGERS @ BOSTON RED SOX
07/05/2098
 
TOP OF THE 1ST
Texas Rangers batting - Pitching for Boston Red Sox : RHP Phil Ashworth
Pitching: RHP Phil Ashworth
Batting: RHB Jason Hartel 0-0: Called Strike
0-1: Foul Ball, location: 2F
0-2: Foul Ball, location: 3SF
0-2: Foul Ball, location: 5F
0-2: Ground out U3 (Groundball, 3L, EV 85.0 MPH)
Batting: LHB Simeone DeVito 0-0: Ball
1-0: Ball
2-0: Ground out 6-3 (Groundball, 56, EV 107.5 MPH)
Batting: SHB Luis Chavez 0-0: Called Strike
0-1: Swinging Strike
0-2: Ball
1-2: Ground out 4-3 (Groundball, 34, EV 81.9 MPH)
Top of the 1st over - 0 runs, 0 hits, 0 errors, 0 left on base; Texas 0 - Boston 0
BOTTOM OF THE 1ST
Boston Red Sox batting - Pitching for Texas Rangers : LHP Ricardo Chavez
Pitching: LHP Ricardo Chavez
Batting: LHB Tyler Brown 0-0: Called Strike
0-1: Fly out, F8 (Line Drive, 8LM, EV 93.1 MPH)
Batting: SHB Tyler Den Hartog 0-0: Ball
1-0: Hit by Pitch
Batting: LHB Michael Lindstrom 0-0: Swinging Strike
0-1: 2-RUN HOME RUN (Flyball, 9D, EV 111.9 MPH), Distance : 442 ft
Batting: RHB Joe Fowler 0-0: Ball
1-0: Ground out 5-3 (Groundball, 5, EV 85.6 MPH)
Batting: SHB Alex Salazar 0-0: Ball
1-0: Called Strike
1-1: Ball
2-1: Foul Ball, location: 3F
2-2: Foul Ball, location: 9LDF
2-2: Ground out 4-3 (Groundball, 4, EV 91.3 MPH)
Bottom of the 1st over - 2 runs, 1 hit, 0 errors, 0 left on base; Texas 0 - Boston 2
TOP OF THE 2ND
Texas Rangers batting - Pitching for Boston Red Sox : RHP Phil Ashworth
Batting: RHB Kevin Hock 0-0: Fly out, F8 (Line Drive, 8RD, EV 109.4 MPH)
Batting: LHB Nick Gunnels 0-0: Foul Ball, location: 7LDF
0-1: Ball
1-1: SINGLE (Groundball, 4MD, EV 103.1 MPH)
Batting: RHB Brian Ruble 0-0: Foul Ball, location: 5F
0-1: Swinging Strike
0-2: Ball
1-2: Ball
Nick Gunnels steals 2nd base
2-2: Reached on error, E6 (Groundball, 6D, EV 87.5 MPH)
Nick Gunnels to third
Batting: LHB Scott Spencer 0-0: Ball
1-0: Hit by Pitch
Brian Ruble to second
Batting: RHB Chris Patrick 0-0: Single, Error in OF, E9, batter to second base (Line Drive, 9S, EV 84.4 MPH)
Nick Gunnels scores
Brian Ruble scores
Scott Spencer to third
Batting: RHB Chris Daly 0-0: Ball
1-0: Ball
2-0: Foul Ball, location: 23F
2-1: Ball
3-1: Foul Ball, location: 3DF
3-2: Ground out 5-3 (Groundball, 5, EV 84.4 MPH)
Batting: RHB Jason Hartel 0-0: Ball
1-0: Ball
2-0: Called Strike
2-1: Ball
3-1: Base on Balls
Batting: LHB Simeone DeVito 0-0: Ball
1-0: Foul Ball, location: 23FF
1-1: Called Strike
1-2: Ball
2-2: Ball
3-2: Base on Balls
Scott Spencer scores
Chris Patrick to third
Jason Hartel to second
Batting: SHB Luis Chavez 0-0: Foul Ball, location: 7LDF
0-1: Foul Ball, location: 3SF
0-2: Ball
1-2: Ball
2-2: DOUBLE (Line Drive, 78D, EV 108.8 MPH)
Chris Patrick scores
Jason Hartel scores
Simeone DeVito to third
Runner from 3rd tries for Home, SAFE, no throw by CF
Batting: RHB Kevin Hock 0-0: SINGLE (Groundball, 56D, EV 106.9 MPH)
Luis Chavez to third
Runner from 3rd tries for Home, SAFE, throw by LF to home
Pitching: RHP Juan Solis
Batting: LHB Nick Gunnels 0-0: Ball
1-0: Foul Ball, location: 2F
1-1: Foul Ball, location: 25FF
1-2: Strikes out swinging
Top of the 2nd over - 7 runs, 4 hits, 2 errors, 1 left on base; Texas 7 - Boston 2
BOTTOM OF THE 2ND
Boston Red Sox batting - Pitching for Texas Rangers : LHP Ricardo Chavez
Batting: LHB Chris Kautz 0-0: Called Strike
0-1: Foul Ball, location: 23FF
0-2: Ball
1-2: Strikes out swinging
Batting: LHB Sergio Mejia 0-0: Ball
1-0: Ball
2-0: Foul Ball, location: 7LDF
2-1: Foul Ball, location: 2F
2-2: Strikes out swinging
Batting: RHB Nate Campbell 0-0: Ball
1-0: Ball
2-0: Called Strike
2-1: SINGLE (Groundball, 34D, EV 101.9 MPH)
Batting: LHB Bob Stuhr 0-0: Ball
1-0: Called Strike
1-1: Ball
2-1: Foul Ball, location: 3FF
2-2: Ball
3-2: Fly out, F8 (Flyball, 8LM, EV 97.5 MPH)
Bottom of the 2nd over - 0 runs, 1 hit, 0 errors, 1 left on base; Texas 7 - Boston 2
TOP OF THE 3RD
Texas Rangers batting - Pitching for Boston Red Sox : RHP Juan Solis
Batting: RHB Brian Ruble 0-0: Ball
1-0: Ball
2-0: Ball
3-0: Base on Balls
Batting: LHB Scott Spencer 0-0: Ball
1-0: Foul Ball, location: 3F
1-1: Ball
2-1: Ball
3-1: SINGLE (Line Drive, 6MD, EV 100.0 MPH)
Brian Ruble to second
Runner from 2nd tries for 3rd, SAFE, throw by CF made to third
Batting: RHB Chris Patrick 0-0: Called Strike
0-1: Ball
1-1: SINGLE (Flyball, 89S, EV 93.1 MPH)
Brian Ruble scores
Scott Spencer to second
Batting: RHB Chris Daly 0-0: Fly out, F7 (Flyball, 7S, EV 73.1 MPH)
Batting: RHB Jason Hartel 0-0: Ball
1-0: Ball
2-0: Ball
3-0: Called Strike
3-1: Base on Balls
Scott Spencer to third
Chris Patrick to second
Batting: LHB Simeone DeVito 0-0: Called Strike
0-1: Called Strike
0-2: Strikes out looking
Batting: SHB Luis Chavez 0-0: Ball
1-0: Foul Ball, location: 2F
1-1: Fly out, F6 (Popup, P, EV 70.0 MPH)
Top of the 3rd over - 1 run, 2 hits, 0 errors, 3 left on base; Texas 8 - Boston 2
BOTTOM OF THE 3RD
Boston Red Sox batting - Pitching for Texas Rangers : LHP Ricardo Chavez
Batting: LHB Tyler Brown 0-0: SINGLE (Line Drive, 4MD, EV 96.3 MPH)
Batting: SHB Tyler Den Hartog 0-0: Ball
1-0: Swinging Strike
1-1: Foul Ball, location: 5F
1-2: Grounds into double play, 5-4-3 (Groundball, 56S, EV 80.6 MPH)
Batting: LHB Michael Lindstrom 0-0: Foul Ball, location: 3FF
0-1: Ball
1-1: Ground out 6-3 (Groundball, 6MD, EV 108.8 MPH)
Bottom of the 3rd over - 0 runs, 1 hit, 0 errors, 0 left on base; Texas 8 - Boston 2
TOP OF THE 4TH
Texas Rangers batting - Pitching for Boston Red Sox : RHP Juan Solis
Batting: RHB Kevin Hock 0-0: SINGLE (Line Drive, 78S, EV 91.9 MPH)
Batting: LHB Nick Gunnels 0-0: Fly out, F7 (Flyball, 78D, EV 94.4 MPH)
Batting: RHB Brian Ruble 0-0: Called Strike
0-1: Fly out, F9 (Flyball, 9, EV 99.4 MPH)
Batting: LHB Scott Spencer 0-0: Fly out, F8 (Flyball, 89D, EV 88.1 MPH)
Top of the 4th over - 0 runs, 1 hit, 0 errors, 1 left on base; Texas 8 - Boston 2
BOTTOM OF THE 4TH
Boston Red Sox batting - Pitching for Texas Rangers : LHP Ricardo Chavez
Batting: RHB Joe Fowler 0-0: Called Strike
0-1: Ball
1-1: Ball
2-1: Ball
3-1: Foul Ball, location: 2F
3-2: Strikes out swinging
Batting: SHB Alex Salazar 0-0: Ball
1-0: Ball
2-0: Ball
3-0: Called Strike
3-1: Fly out, F2 (Popup, 25F, EV 81.3 MPH)
Batting: LHB Chris Kautz 0-0: Ball
1-0: Foul Ball, location: 7LMF
1-1: Foul Ball, location: 2F
1-2: Ball
2-2: Ball
3-2: Foul Ball, location: 5SF
3-2: Foul Ball, location: 2F
3-2: Strikes out swinging
Bottom of the 4th over - 0 runs, 0 hits, 0 errors, 0 left on base; Texas 8 - Boston 2
TOP OF THE 5TH
Texas Rangers batting - Pitching for Boston Red Sox : RHP Juan Solis
Batting: RHB Chris Patrick 0-0: Swinging Strike
0-1: Ball
1-1: Swinging Strike
1-2: Reached on error, E6 (Groundball, 6, EV 110.6 MPH)
Pitching: LHP Jeff Daoust
Batting: RHB Chris Daly 0-0: Called Strike
0-1: Called Strike
0-2: Ball
1-2: Foul Ball, location: 5DF
1-2: Foul Ball, location: 2F
1-2: Ball
2-2: Foul Ball, location: 7LSF
2-2: Foul Ball, location: 5F
2-2: Foul Ball, location: 5SF
2-2: Foul Ball, location: 9LSF
2-2: Ball
3-2: SINGLE (Line Drive, 56D, EV 95.0 MPH)
Chris Patrick to third
Batting: RHB Jason Hartel 0-0: Ball
1-0: Called Strike
1-1: Ball
2-1: Foul Ball, location: 23F
2-2: Ball
3-2: Foul Ball, location: 7LSFF
3-2: Strikes out swinging
Batting: LHB Simeone DeVito 0-0: Called Strike
0-1: Ball
1-1: Foul Ball, location: 9LSF
1-2: Strikes out swinging
Batting: SHB Luis Chavez 0-0: Ground out 1-3 (Groundball, 13S, EV 68.1 MPH)
Top of the 5th over - 0 runs, 1 hit, 1 error, 2 left on base; Texas 8 - Boston 2
BOTTOM OF THE 5TH
Boston Red Sox batting - Pitching for Texas Rangers : LHP Ricardo Chavez
Batting: LHB Sergio Mejia 0-0: Ball
1-0: Ball
2-0: Fly out, F7 (Line Drive, 78M, EV 105.6 MPH)
Batting: RHB Nate Campbell 0-0: SINGLE (Line Drive, 8RS, EV 99.4 MPH)
Batting: LHB Bob Stuhr 0-0: Ball
1-0: Ball
2-0: Ball
3-0: Called Strike
3-1: Foul Ball, location: 7LSF
3-2: Strikes out swinging
Batting: LHB Tyler Brown 0-0: Ball
1-0: Called Strike
1-1: Foul Ball, location: 2F
1-2: Fly out, F7 (Flyball, 7LS, EV 73.8 MPH)
Bottom of the 5th over - 0 runs, 1 hit, 0 errors, 1 left on base; Texas 8 - Boston 2
TOP OF THE 6TH
Texas Rangers batting - Pitching for Boston Red Sox : LHP Jeff Daoust
Pitching: LHP Joe Carver
Batting: RHB Kevin Hock 0-0: Called Strike
0-1: Called Strike
0-2: Ball
1-2: Ball
2-2: Foul Ball, location: 7LSF
2-2: Ground out 5-3 (Groundball, 56S, EV 82.5 MPH)
Batting: LHB Nick Gunnels 0-0: Ball
1-0: Foul Ball, location: 9LSF
1-1: Ball
2-1: Ball
3-1: Foul Ball, location: 7LDF
3-2: Base on Balls
Batting: RHB Brian Ruble 0-0: Ball
1-0: Ground out 5-3 (Groundball, 56S, EV 63.8 MPH)
Nick Gunnels to second
Batting: LHB Scott Spencer 0-0: Fly out, F2 (Popup, 13S, EV 80.0 MPH)
Top of the 6th over - 0 runs, 0 hits, 0 errors, 1 left on base; Texas 8 - Boston 2
BOTTOM OF THE 6TH
Boston Red Sox batting - Pitching for Texas Rangers : LHP Ricardo Chavez
Batting: SHB Tyler Den Hartog 0-0: Ball
1-0: Called Strike
1-1: Called Strike
1-2: Foul Ball, location: 5F
1-2: Foul Ball, location: 9LDF
1-2: SOLO HOME RUN (Flyball, 7D, EV 109.4 MPH), Distance : 422 ft
Batting: LHB Michael Lindstrom 0-0: Ball
1-0: Ball
2-0: Called Strike
2-1: Foul Ball, location: 23F
2-2: Ball
3-2: Foul Ball, location: 3SF
3-2: Foul Ball, location: 2F
3-2: Foul Ball, location: 3F
3-2: Base on Balls
Batting: RHB Joe Fowler 0-0: Ball
1-0: Swinging Strike
1-1: Ball
2-1: Called Strike
2-2: Foul Ball, location: 25F
2-2: Ball
3-2: Foul Ball, location: 25F
3-2: Foul Ball, location: 3F
3-2: Base on Balls
Michael Lindstrom to second
Batting: SHB Alex Salazar 0-0: Called Strike
0-1: Ball
1-1: DOUBLE (Groundball, 3L, EV 94.4 MPH)
Michael Lindstrom scores
Joe Fowler to third
Batting: LHB Chris Kautz 0-0: Ball
1-0: Ball
2-0: Called Strike
2-1: Ball
3-1: Swinging Strike
3-2: DOUBLE (Line Drive, 7LS, EV 93.1 MPH)
Joe Fowler scores
Alex Salazar scores
Pitching: LHP Gabe Osborne
Batting: LHB Sergio Mejia 0-0: Ball
1-0: Called Strike
1-1: Called Strike
1-2: Strikes out swinging
Batting: RHB Nate Campbell 0-0: Called Strike
0-1: Called Strike
0-2: Ball
1-2: Strikes out swinging
Batting: LHB Bob Stuhr 0-0: Swinging Strike
0-1: Foul Ball, location: 7LMF
0-2: Foul Ball, location: 5FF
0-2: Foul Ball, location: 5FF
0-2: Strikes out swinging
Bottom of the 6th over - 4 runs, 3 hits, 0 errors, 1 left on base; Texas 8 - Boston 6
TOP OF THE 7TH
Texas Rangers batting - Pitching for Boston Red Sox : LHP Joe Carver
Batting: RHB Chris Patrick 0-0: Ball
1-0: Ball
2-0: Ground out U3 (Groundball, 34S, EV 75.0 MPH)
Batting: RHB Chris Daly 0-0: Ground out U3 (Groundball, 34, EV 101.3 MPH)
Batting: RHB Jason Hartel 0-0: Ball
1-0: Swinging Strike
1-1: Ball
2-1: Foul Ball, location: 2F
2-2: Strikes out looking
Top of the 7th over - 0 runs, 0 hits, 0 errors, 0 left on base; Texas 8 - Boston 6
BOTTOM OF THE 7TH
Boston Red Sox batting - Pitching for Texas Rangers : LHP Gabe Osborne
Pitching: LHP Ryan Zeiher
Batting: LHB Tyler Brown 0-0: Ball
1-0: Ball
2-0: Foul Ball, location: 2F
2-1: Foul Ball, location: 2F
2-2: Fly out, F6 (Popup, 6MD, EV 71.3 MPH)
Batting: SHB Tyler Den Hartog 0-0: Fly out, F4 (Popup, 34S, EV 85.6 MPH)
Batting: LHB Michael Lindstrom 0-0: Swinging Strike
0-1: Ball
1-1: Foul Ball, location: 9LDF
1-2: Fly out, F1 (Popup, 13, EV 88.1 MPH)
Bottom of the 7th over - 0 runs, 0 hits, 0 errors, 0 left on base; Texas 8 - Boston 6
TOP OF THE 8TH
Texas Rangers batting - Pitching for Boston Red Sox : LHP Joe Carver
Batting: LHB Simeone DeVito 0-0: Ball
1-0: Ball
2-0: Swinging Strike
2-1: Swinging Strike
2-2: Strikes out swinging
Batting: SHB Luis Chavez 0-0: Ball
1-0: Foul Ball, location: 2F
1-1: Foul Ball, location: 5F
1-2: SINGLE (Line Drive, 89M, EV 85.6 MPH)
Pitching: RHP Eric Rendleman
Batting: RHB Kevin Hock 0-0: Called Strike
0-1: Foul Ball, location: 2F
0-2: Hit by Pitch
Luis Chavez to second
Batting: LHB Nick Gunnels 0-0: Ball
1-0: Called Strike
1-1: Ball
2-1: Foul Ball, location: 9LSFF
2-2: Foul Ball, location: 2F
2-2: Fly out, F7 (Flyball, 7S, EV 100.0 MPH)
Batting: RHB Brian Ruble 0-0: Ball
1-0: Called Strike
1-1: Swinging Strike
1-2: Foul Ball, location: 2F
1-2: Ball
2-2: Ball
3-2: Strikes out swinging
Top of the 8th over - 0 runs, 1 hit, 0 errors, 2 left on base; Texas 8 - Boston 6
BOTTOM OF THE 8TH
Boston Red Sox batting - Pitching for Texas Rangers : LHP Ryan Zeiher
Batting: RHB Joe Fowler 0-0: Ball
1-0: Foul Ball, location: 5F
1-1: Ball
2-1: Fly out, F8 (Flyball, 8LXD, EV 91.9 MPH)
Batting: SHB Alex Salazar 0-0: Ball
1-0: Ball
2-0: Foul Ball, location: 2F
2-1: DOUBLE (Groundball, 3L, EV 105.6 MPH)
Batting: LHB Chris Kautz 0-0: Ball
1-0: Ball
2-0: Foul Ball, location: 2F
2-1: Foul Ball, location: 5SF
2-2: Ball
3-2: SINGLE (Groundball, 34D, EV 98.1 MPH)
Alex Salazar to third
Runner from 3rd tries for Home, SAFE, throw by RF to home
Pitching: RHP Aaron Aycock
Batting: LHB Sergio Mejia 0-0: Fly out, F9 (Flyball, 89S, EV 89.4 MPH)
Batting: RHB Nate Campbell 0-0: Foul Ball, location: 2F
0-1: Ball
1-1: Ball
2-1: Called Strike
2-2: Fly out, F3 (Popup, 23, EV 81.3 MPH)
Bottom of the 8th over - 1 run, 2 hits, 0 errors, 1 left on base; Texas 8 - Boston 7
TOP OF THE 9TH
Texas Rangers batting - Pitching for Boston Red Sox : RHP Eric Rendleman
Batting: LHB Scott Spencer 0-0: Called Strike
0-1: Ball
1-1: Swinging Strike
1-2: Foul Ball, location: 5SF
1-2: Strikes out swinging
Batting: RHB Chris Patrick 0-0: Fly out, F4 (Line Drive, 4MD, EV 75.0 MPH)
Batting: RHB Chris Daly 0-0: Called Strike
0-1: Swinging Strike
0-2: Ball
1-2: Strikes out swinging
Top of the 9th over - 0 runs, 0 hits, 0 errors, 0 left on base; Texas 8 - Boston 7
BOTTOM OF THE 9TH
Boston Red Sox batting - Pitching for Texas Rangers : RHP Aaron Aycock
Batting: LHB Bob Stuhr 0-0: Swinging Strike
0-1: Called Strike
0-2: Foul Ball, location: 2F
0-2: Strikes out swinging
Batting: LHB Tyler Brown 0-0: SINGLE (Groundball, 34D, EV 94.4 MPH)
Batting: SHB Tyler Den Hartog 0-0: Ball
1-0: Grounds into double play, 4-6-3 (Groundball, 4S, EV 90.0 MPH)
Bottom of the 9th over - 0 runs, 1 hit, 0 errors, 0 left on base; Texas 8 - Boston 7
Monday, April 8th , 2024 - OOTP Baseball 24.11 Build 85